So Baka, lawful female human Knight ------------- |...........| |...........| |..<........| --------.---- ----+-------- # |`.........`| ### |.....`.....| # |...-----...| ##### |...|.{.|...| ----------.---- |..`|{.{|`..| #-.......+.....| |..%|...|...h#########@|.....[.......| |%..--.--%..| ##d.............| |.....`.....| # |.............| .`...%.....`|##########..............| -------------# # --------------- `####### So Baka the Bachelor Experience level: 6 Strength: 16 Dexterity: 11 Constitution: 11 Intelligence: 7 Wisdom: 15 Charisma: 19 Health: 0(42) Energy: 50(50) Def: 9 Gold: 548 Moves: 4219 Dungeon seed: sneHgIdcbyD07M9- Game ID: So Baka_1438920482 Your Inventory: Coins $ - 548 gold pieces Weapons a - the blessed rustproof +1 Excalibur (weapon in hand) b - a +0 elven dagger Armor n - an uncursed +0 helmet (being worn) q - an uncursed +0 small shield (being worn) r - an uncursed +0 pair of leather gloves y - an uncursed +0 elven mithril-coat (being worn) N - a cursed +0 pair of gauntlets of dexterity (being worn) P - an uncursed +0 elven cloak (being worn) Comestibles d - 9 uncursed carrots s - an uncursed sprig of wolfsbane K - an uncursed pony Scrolls c - a blessed scroll of remove curse e - a blessed scroll of light h - an uncursed scroll of enchant weapon j - an uncursed scroll of remove curse l - an uncursed scroll of fire m - 3 uncursed scrolls of enchant armor o - a blessed scroll of fire I - an uncursed scroll of water M - 2 uncursed scrolls of light V - an uncursed scroll of magic mapping X - 2 cursed scrolls of blank paper Y - 2 uncursed scrolls of blank paper Potions g - 2 uncursed potions of invisibility i - an uncursed potion of object detection k - an uncursed potion of see invisible G - a blessed potion of healing J - an uncursed potion of blindness O - a blessed potion of booze Z - a blessed potion of gain energy Rings t - an uncursed ring of searching H - an uncursed ring of warning L - an uncursed ring of protection from shape changers R - an uncursed ring of hunger Wands f - a wand of digging (0:0) u - a wand of enlightenment (0:12) Tools v - an uncursed lock pick Q - a magic marker (0:71) S - an uncursed blindfold T - an uncursed tallow candle (0:200) U - an uncursed wax candle (0:400) W - a cursed tallow candle (0:200) Gems z - an uncursed luckstone Spells and supernatural/magical abilities: Name Level Category Fail Memory W - pray for help -- divine ? -- X - turn undead -- divine ? -- Y - supernatural jump -- ability ? -- Your skills at the end: Fighting Skills riding [Basic] Weapon Skills long sword [Skilled] polearms [Basic] Spellcasting Skills Final Attributes: You were stridently aligned. You were poison resistant. You were level-drain resistant. You were telepathic. You had automatic searching. You were stealthy. You could jump. You were lucky. You had extra luck. Bad luck did not time out for you. Good luck did not time out for you. You are dead. Vanquished creatures: a Woodland-elf an imp a rock piercer 2 fog clouds 2 violet fungi a gnome lord a guardian naga hatchling a paper golem a little dog 3 floating eyes a kitten a dwarf 3 homunculi a kobold shaman a rothe a giant bat 2 orc zombies 4 iguanas 2 coyotes 2 hobbits a large kobold 2 giant rats 3 yellow molds a red mold 4 gnomes 5 garter snakes 5 manes a gnome zombie 3 geckos 8 jackals a fox a kobold 4 goblins 6 sewer rats 8 grid bugs 5 lichens 3 kobold zombies 5 newts 98 creatures vanquished. Voluntary challenges: You used a wielded weapon 168 times, starting on turn 2. You read items or engraved 2 times, starting on turn 945. You never genocided any monsters. You never polymorphed an object. You never changed form. You used no wishes. You never split a pudding. You never wrote Elbereth's name. You violated your moral code, losing 2 points of alignment, starting on turn 3628. You abstained from Elbereth's help. Dungeon overview: The Dungeons of Doom: levels 1 to 8 Level 1 a long staircase Level 2 an altar to Lugh Level 3 a potion shop stairs to The Gnomish Mines Level 4 Level 5 a general store Level 6 an altar to Manannan Mac Lir Level 7 Level 8 <- You were here some fountains The Gnomish Mines: Level 4 stairs to The Dungeons of Doom History has recorded: On T:1 you entered the Dungeons of Doom to retrieve the Amulet of Yendor! On T:254 you advanced to experience level 2. On T:538 you reached level 2 of The Dungeons of Doom. On T:764 you advanced to experience level 3. On T:1099 you reached level 3 of The Dungeons of Doom. On T:1676 you advanced to experience level 4. On T:2055 you reached level 1 of The Gnomish Mines. On T:2163 you advanced to experience level 5. On T:2417 you reached level 4 of The Dungeons of Doom. On T:2830 you reached level 5 of The Dungeons of Doom. On T:3246 you reached level 6 of The Dungeons of Doom. On T:3519 you advanced to experience level 6. On T:3645 you reached level 7 of The Dungeons of Doom. On T:4080 you reached level 8 of The Dungeons of Doom. Score breakdown: Gold: 548 ( 54 points) Experience: 6 levels ( 500 points) Exploration: 8 levels ( 210 points) Discoveries: 5 items ( 250 points) Variety of kills: 38 monsters ( 1900 points) Major goal: (nothing yet) ( 0 points) Survival: died (score multiplied by 3) Total score: 8742 Latest messages: Z - a blessed dark potion. u - an uncursed brass wand. v - an uncursed lock pick. z - an uncursed gray stone. A lock pick lands on the altar. A gray stone lands on the altar. You drop a blessed scroll labeled KERNOD WEL. You drop an uncursed scroll labeled RATSANOPU. You drop an uncursed scroll labeled JUYED AWK YACC. You drop an uncursed scroll labeled YUM YUM. You drop 2 cursed scrolls of blank paper. You drop 2 uncursed scrolls of blank paper. You hit the werewolf! The werewolf bites! You die... Final status: Fare thee well So Baka the Knight, killed by a werewolf... You died in The Dungeons of Doom on dungeon level 8 with 8742 points, and 548 pieces of gold, after 4219 moves. You were level 6 with a maximum of 42 hit points when you died.